 Dungeon Crawl Stone Soup version 0.29-a0-613-gf2c431b9b9 (webtiles) character file.

Game seed: 6999494764275179467

1889 DocClef the Fighter (level 8, -2/81 (82) HPs)
             Began as a Red Draconian Fighter on June 16, 2022.
             Was a Follower of Trog.
             Slain by an orc warrior
             ... wielding a +2 battleaxe of flaming
              (6 damage)
             ... on level 7 of the Dungeon.
             The game lasted 00:06:27 (7523 turns).

DocClef the Fighter (Red Draconian Fighter)         Turns: 7523, Time: 00:06:27

HP:   -2/81 (82)    AC: 11    Str: 20    XL:     8   Next: 92%
MP:   8/8           EV: 11    Int: 10    God:    Trog [*.....]
Gold: 434           SH:  4    Dex: 10    Spells: 7/7 levels left

rFire   + . .      SeeInvis .   t - +1 long sword (flame)
rCold   . . .      Faith    .   b - +0 buckler
rNeg    . . .      Spirit   .   (body armour unavailable)
rPois   +          Reflect  .   y - +1 hat
rElec   .          Harm     .   w - +0 cloak
rCorr   .          Rampage  .   u - +2 pair of gloves
Will    .....                   (no boots)
Stlth   +.........              m - amulet of the acrobat
HPRegen 0.23/turn               x - ring of poison resistance
MPRegen 0.11/turn               (no ring)

@: lightly drained
A: breathe fire, AC +6, unfitting armour, fire resistance 1, cold-blooded
a: Breathe Fire, Renounce Religion, Berserk


You were on level 7 of the Dungeon.
You worshipped Trog.
Trog was aware of your devotion.
You visited 2 branches of the dungeon, and saw 9 of its levels.

You collected 434 gold pieces.

Inventory:

Hand Weapons
 a - a +0 war axe
 t - a +1 long sword of flaming (weapon)
Armour
 b - a +0 buckler (worn)
 u - a +2 pair of gloves (worn)
 w - a +0 cloak (worn)
 y - a +1 hat (worn)
Jewellery
 m - an amulet of the acrobat (around neck)
 x - a ring of poison resistance (left hand)
Scrolls
 d - 3 scrolls of teleportation
 j - 5 scrolls of poison {unknown}
 k - a scroll of vulnerability {unknown}
 l - 2 scrolls of enchant weapon {unknown}
 o - a scroll of summoning {unknown}
 r - a scroll of brand weapon {unknown}
 s - 2 scrolls of enchant armour {unknown}
 z - 2 scrolls of identify
 B - a scroll of amnesia {unknown}
 C - a scroll of fear {unknown}
Potions
 c - 2 potions of might
 e - a potion of heal wounds
 f - a potion of resistance
 g - a potion of degeneration
 h - 2 potions of flight
 i - 2 potions of haste {unknown}
 n - 4 potions of curing
 p - 2 potions of mutation
 q - 2 potions of lignification
 v - 2 potions of cancellation
 A - a potion of attraction {unknown}


   Skills:
 + Level 11.4 Fighting
 - Level 5.6 Long Blades
 - Level 2.0 Axes
 - Level 2.6 Dodging
 - Level 3.0 Shields


You had 7 spell levels left.
You didn't know any spells.
Your spell library contained the following spells:

 Spells                   Type           Power      Damage    Failure   Level
 Ensorcelled Hibernation  Hex/Ice        0%         N/A       58%         2
 Passwall                 Tmut/Erth      0%         N/A       58%         2
 Swiftness                Air            0%         N/A       83%         3


Dungeon Overview and Level Annotations

Branches:
Dungeon (8/15)             Temple (1/1) D:5
   Lair: D:8-11

Altars:
Ashenzari
Cheibriados
Dithmenos
Elyvilon
Gozag
Hepliaklqana
Nemelex Xobeh
Qazlal
Ru
Sif Muna
Trog
Uskayaw
Vehumet
Wu Jian
Xom
Yredelemnul
The Shining One

Portals:
Abyss: D:7

Annotations:
D:7 2 transporters, gebbletook2's ghost, novice VSFi
D:8 Psyche


Innate Abilities, Weirdness & Mutations

You can breathe blasts of fire.
Your fiery red scales are hard. (AC +6)
You cannot fit into any form of body armour.
Your flesh is heat resistant. (rF+)
You are cold-blooded and may be slowed by cold attacks.


Message History

The orc misses you.
You are too injured to fight recklessly!
You are too injured to fight recklessly!
You are too injured to fight recklessly!
You are too injured to fight recklessly!
You are too injured to fight recklessly!
You are too injured to fight recklessly!
You are too injured to fight recklessly!
You are too injured to fight recklessly!
You are too injured to fight recklessly!
You are too injured to fight recklessly!
You are too injured to fight recklessly!
You are too injured to fight recklessly!
You are too injured to fight recklessly!
You are too injured to fight recklessly!
You are too injured to fight recklessly!
You are too injured to fight recklessly!
You slash the orc warrior! You burn the orc warrior.
You tail-slap the orc warrior.
The orc warrior is almost dead.
The orc warrior hits you with a +2 battleaxe of flaming!
* * * LOW HITPOINT WARNING * * *
The orc warrior burns you.
* * * LOW HITPOINT WARNING * * *
The orc hits you but does no damage.
You hit the orc warrior but do no damage.
The orc warrior is almost dead.
The orc warrior closely misses you. The orc hits you but does no damage.
You hit the orc warrior but do no damage.
You tail-slap the orc warrior, but do no damage.
The orc warrior is almost dead.
The orc misses you.
The orc warrior hits you with a +2 battleaxe of flaming!
* * * LOW HITPOINT WARNING * * *
You barely miss the orc warrior.
The orc warrior is almost dead.
You block the orc's attack. The orc warrior closely misses you.
The orc closely misses you.
The orc warrior hits you with a +2 battleaxe of flaming.
You die...

#.####.###...####
#.#####.##..##
#.##........####
#.##.####......#
#.##.# ######.#####
#.##.# ##.......#
#.##.######..#.###.##
#.##o##..............
#.##@#......©........
#.##o#....####.......
#.##......#.©###...##
#.#####...##.. ##©.#
#.# ##....#.## ####.
#.####....##.###.....
#........##.∩..##9^#5
#####....#W.#. .©.##9
#.......##.# ###...


You could see an orc warrior and an orc.

Vanquished Creatures
  Prince Ribbit (D:5)
  2 water moccasins
  Duvessa (D:5)
  An orc warrior (D:7)
  An ice beast (D:5)
  A centaur (D:6)
  An ogre (D:7)
  A phantom (D:6)
  A kobold brigand (D:7)
  2 bullfrogs (D:6)
  2 scorpions
  Dowan (D:5)
  3 howler monkeys (D:7)
  A jelly (D:4)
  2 orc priests
  5 hounds
  3 iguanas
  7 adders
  2 white imps (D:7)
  An ufetubus (D:6)
  2 dart slugs
  12 orcs
  7 endoplasms
  A giant cockroach (D:3)
  9 goblins
  7 hobgoblins
  10 jackals (D:1)
  10 kobolds
  3 quokkas
  7 ball pythons
  5 bats
  4 frilled lizards
  7 rats
123 creatures vanquished.

Vanquished Creatures (others)
  9 toadstools (D:8)
9 creatures vanquished.

Grand Total: 132 creatures vanquished

Notes
Turn   | Place    | Note
-------+----------+-------------------------------------------
     0 | D:1      | DocClef the Draconian Fighter began the quest for the Orb.
     0 | D:1      | Reached XP level 1. HP: 19/19 MP: 1/1
    51 | D:1      | Reached skill level 4 in Fighting
    51 | D:1      | Reached XP level 2. HP: 24/27 MP: 2/2
   477 | D:1      | Reached XP level 3. HP: 34/34 MP: 3/3
   572 | D:1      | Found a faded altar of an unknown god.
   936 | D:2      | Reached skill level 5 in Fighting
  1538 | D:2      | Reached XP level 4. HP: 42/42 MP: 4/4
  2206 | D:4      | Reached skill level 6 in Fighting
  2340 | D:4      | Noticed a water moccasin
  2352 | D:4      | Killed a water moccasin
  2353 | D:4      | Reached skill level 7 in Fighting
  2353 | D:4      | Reached XP level 5. HP: 27/52 MP: 5/5
  2553 | D:4      | Reached XP level 6. HP: 29/60 MP: 6/6
  2804 | D:4      | Reached skill level 1 in Long Blades
  3488 | D:5      | Entered Level 5 of the Dungeon
  3933 | D:5      | Noticed an ice beast
  3942 | D:5      | Killed an ice beast
  3943 | D:5      | Your scales start taking on a fiery red colour.
  3943 | D:5      | Reached XP level 7. HP: 50/66 MP: 7/7
  3943 | D:5      | Gained mutation: Your flesh is heat resistant. (rF+) [Red
                  | Draconian growth]
  4095 | D:5      | Found a staircase to the Ecumenical Temple.
  4095 | D:5      | Noticed Prince Ribbit
  4108 | D:5      | Killed Prince Ribbit
  4109 | D:5      | Reached skill level 5 in Long Blades
  4116 | Temple   | Entered the Ecumenical Temple
  4491 | Temple   | Became a worshipper of Trog the Wrathful
  4776 | D:5      | Noticed Duvessa
  4776 | D:5      | Noticed Dowan
  4795 | D:5      | Killed Duvessa
  4796 | D:5      | Reached skill level 8 in Fighting
  4800 | D:5      | Killed Dowan
  5175 | D:6      | Reached XP level 8. HP: 55/75 MP: 8/8
  5299 | D:6      | Reached skill level 9 in Fighting
  5592 | D:6      | Found a shimmering blue altar of Sif Muna.
  5592 | D:6      | Found a white marble altar of Elyvilon.
  5592 | D:6      | Found a hazy altar of Hepliaklqana.
  5592 | D:6      | Found a shimmering altar of Xom.
  5599 | D:6      | Found a sacrificial altar of Ru.
  5601 | D:6      | Found a hide-covered altar of Uskayaw.
  5792 | D:6      | Reached skill level 10 in Fighting
  6372 | D:7      | Noticed a toenail golem
  6373 | D:7      | Found a transporter.
  6376 | D:7      | Found a transporter.
  6484 | D:7      | Reached skill level 11 in Fighting
  6501 | D:7      | Reached * piety under Trog
  7008 | D:7      | Found a one-way gate to the infinite horrors of the Abyss.
  7008 | D:7      | Noticed gebbletook2's ghost (novice VSFi)
  7138 | D:7      | Identified the +4 dagger "Tuwieth" {holy, Str+5 Dex+4}
  7252 | D:8      | Noticed Psyche
  7522 | D:7      | HP: 4/81 [orc warrior/+2 battleaxe of flaming (13)]
  7523 | D:7      | Slain by an orc warrior

Illustrated notes

Levels and vault maps discovered:
D:1:      wander_arrival_estate, layout_basic, basic_ecumenical_altar,
          serial_curves, eino_curves_01, eino_curves_03,
          amcnicky_mini_rare_corridor_liquid
D:2:      layout_basic, hangedman_decor_growths
D:3:      layout_rooms
D:4:      layout_basic, feat_on_display
D:5:      layout_basic, minmay_temple_entry_overgrown, uniq_prince_ribbit1,
          uniq_duvessa
D:6:      layout_basic, minmay_overflow_temple_hex
D:7:      dreamdust_elfheim, layout_loops_ring, gammafunk_ghost_abyssal_escape
D:8:      cheibrodos_fertilizer, layout_rooms,
          mainiacjoe_overflow_six_doors_small, uniq_pikel, uniq_psyche,
          uniq_maggie
Temple:   minmay_temple_curvy_loop

Skill      XL: |  1  2  3  4  5  6  7  8 |
---------------+-------------------------+-----
Fighting       | 4 5 7 8 11 | 11.4
Long Blades    | 4 5 |  5.6
Axes           | |  2.0
Dodging        | |  2.6
Shields        | |  3.0

Action                   |  1- 3 |  4- 6 |  7- 9 || total
-------------------------+-------+-------+-------++-------
Melee: War axe           |    98 |    36 |       ||   134
       Tailslap          |     5 |    11 |    21 ||    37
       Long sword        |       |   101 |   195 ||   296
Invok: Berserk           |       |       |     1 ||     1
 Abil: Breathe Fire      |       |       |     3 ||     3
  Use: Scroll            |       |       |     7 ||     7
       Potion            |       |       |     2 ||     2
 Stab: Sleeping          |     1 |       |       ||     1
       Distracted        |       |       |     1 ||     1
Armor: Skin              |    35 |    62 |    69 ||   166
Dodge: Dodged            |    71 |    98 |   137 ||   306
Block: Buckler           |    17 |    34 |    31 ||    82

Table legend: (Time is in decaauts)
 A = Elapsed time spent in this place.
 B = Non-inter-level travel time spent in this place.
 C = Inter-level travel time spent in this place.
 D = Time resting spent in this place.
 E = Time spent auto-exploring this place.
 F = Levels seen in this place.
 G = Mean time per level.
                   A        B        C        D        E       F      G
               +--------+--------+--------+--------+--------+-----+--------+
         Total |   7665 |   7256 |    409 |    509 |   5665 |   9 |  851.7 |
       Dungeon |   7248 |   6912 |    336 |    509 |   5329 |   8 |  906.0 |
        Temple |    416 |    343 |     73 |      0 |    336 |   1 |  416.0 |
               +--------+--------+--------+--------+--------+-----+--------+

Top non-repeatable levels by time:
     D:4: 1325 daAuts
     D:5: 1275 daAuts
     D:7: 1267 daAuts
     D:6: 1071 daAuts
     D:1: 949 daAuts
     D:2: 790 daAuts
     D:3: 508 daAuts
  Temple: 416 daAuts
     D:8: 61 daAuts
